 Dungeon Crawl Stone Soup version 0.27-a0-1140-g099f9bb0e8 (webtiles) character file.

Game seed: 13014087843757185383

30 freelancePsychic the Ducker (level 3, 0/17 HPs)
             Began as a Felid Berserker on May 9, 2021.
             Was a Follower of Trog.
             Slain by a jackal (1 damage)
             ... on level 2 of the Dungeon.
             The game lasted 00:02:54 (1077 turns).

freelancePsychic the Ducker (Felid Berserker)       Turns: 1077, Time: 00:02:54

Health: 0/17       AC:  1    Str: 13    XL:     3   Next: 3%
Magic:  4/4        EV: 18    Int:  8    God:    Trog [*.....]
Gold:   15         SH:  0    Dex: 16    Spells: 2/2 levels left
                                        Lives:  0   Deaths: 0

rFire    . . .     SeeInvis +     - Unarmed
rCold    . . .     Faith    .   (shield unavailable)
rNeg     . . .     Spirit   .   (armour unavailable)
rPois    .         Reflect  .   (helmet unavailable)
rElec    .         Harm     .   (cloak unavailable)
rCorr    .         Rampage  .   (gloves unavailable)
Will     .....                  (boots unavailable)
Stlth    +.........             (no amulet)
HPRegen  0.05/turn              (no ring)
MPRegen  0.09/turn              (no ring)

@: on berserk cooldown, slowed, slow
A: very small, claws 1, fangs 3, see invisible, speed 1, shaggy fur 1, stealthy
paws, no weapons or thrown items, no armour, multi-lived
a: Renounce Religion, Berserk


You were on level 2 of the Dungeon.
You worshipped Trog.
Trog was aware of your devotion.
You visited 1 branch of the dungeon, and saw 2 of its levels.

You collected 15 gold pieces.

Inventory:

Scrolls
 a - 2 scrolls of fog {unknown}
 d - a scroll of teleportation {unknown}
Potions
 b - 2 potions of brilliance {unknown}
 c - a potion of heal wounds {unknown}


   Skills:
 + Level 3.4 Fighting
 - Level 4.0 Dodging
 * Level 3.9 Unarmed Combat


You had 2 spell levels left.
You didn't know any spells.
Your spell library was empty.

Dungeon Overview and Level Annotations

Branches:
Dungeon (2/15)

Altars:

Shops:
D:1 :


Innate Abilities, Weirdness & Mutations

You have sharp claws.
You have razor-sharp teeth.
You have supernaturally acute eyesight. (SInv)
You cover ground quickly. (Speed+)
You are covered in fur. (AC +1)
Your paws help you pounce on unaware monsters.
You are incapable of wielding weapons or throwing items.
You cannot wear armour.
You gain extra lives every three experience levels.


Message History

You recover from your berserk rage.
The jackal barks!
A jackal comes into view.
A red film seems to cover your vision as you go berserk!
You feel yourself moving faster!
You feel mighty!
The jackal barks!
You hear a shout!
The jackal bites you.
* * * LOW HITPOINT WARNING * * *
A jackal comes into view.
The jackal completely misses you.
You closely miss the jackal.
The jackal barks!
The jackal pauses to sniff the ground.
You closely miss the jackal. The jackal misses you.
You claw the jackal!
You feel the power of Trog in you as your rage grows.
You kill the jackal!
Trog accepts your kill.
A jackal comes into view.
You claw the jackal!
You kill the jackal!
Trog accepts your kill.
You claw the jackal!
You kill the jackal!
Trog accepts your kill.
You have reached level 3!
Your experience leads to an increase in your attributes!
Increase (S)trength, (I)ntelligence, or (D)exterity?
You feel agile.
A kobold comes into view. It is wielding a +0 dagger.
You claw the jackal!
You kill the jackal!
Trog accepts your kill.
You feel a strong urge to attack something.
You feel your anger nearly subside.
You are no longer berserk.
You are exhausted.
You feel yourself slow down.
There is a stone staircase leading up here.
The jackal barely misses you. The jackal bites you.
You die...

#########
#.......#######
#.#...........#
#.#.###.#####.#
#.#@.##.# #.#
#.#h.##.# #.#
#.#..##.# #.#
..#..##.# #.#
####..##.# #.#
#.....##.# #.#
#$###K##.#
###.# # ###.#
..#.# #.#.#...#
#.#.#


You could see a jackal and a kobold.

Vanquished Creatures
  3 bats (D:1)
  2 endoplasms (D:1)
  2 giant cockroaches (D:1)
  A goblin (D:1)
  2 hobgoblins (D:1)
  8 jackals
  2 kobolds (D:1)
  A quokka (D:1)
  2 ball pythons (D:1)
  A frilled lizard (D:2)
24 creatures vanquished.

Notes
Turn   | Place    | Note
-------+----------+-------------------------------------------
     0 | D:1      | freelancePsychic the Felid Berserker began the quest for
                  | the Orb.
     0 | D:1      | Reached XP level 1. HP: 10/10 MP: 2/2
    15 | D:1      | Found a faded altar of an unknown god.
   198 | D:1      | Found Budinoir's Book Emporium.
   212 | D:1      | Reached XP level 2. HP: 14/14 MP: 3/3
  1060 | D:2      | HP: 1/21 [jackal (1)]
  1066 | D:2      | Reached XP level 3. HP: 1/17 MP: 4/4
  1077 | D:2      | Slain by a jackal

Illustrated notes

Levels and vault maps discovered:
D:1:      erik_arrival_triangle_small, layout_basic, serial_shops,
          nicolae_shop_stone, ebering_ecumenical_altar_webs
D:2:      layout_basic, serial_shops, shop, nicolae_shop_crystal, shop,
          fountainhead

Action                   || total
-------------------------++-------
Melee: Unarmed           ||    50
       Bite              ||     2
Invok: Berserk           ||     8
 Stab: Sleeping          ||     1
Armor: Skin              ||     3
Dodge: Dodged            ||    43

Table legend: (Time is in decaauts)
 A = Elapsed time spent in this place.
 B = Non-inter-level travel time spent in this place.
 C = Inter-level travel time spent in this place.
 D = Time resting spent in this place.
 E = Time spent auto-exploring this place.
 F = Levels seen in this place.
 G = Mean time per level.
                   A        B        C        D        E       F      G
               +--------+--------+--------+--------+--------+-----+--------+
         Total |    985 |    946 |     39 |    232 |    568 |   2 |  492.5 |
       Dungeon |    985 |    946 |     39 |    232 |    568 |   2 |  492.5 |
               +--------+--------+--------+--------+--------+-----+--------+

Top non-repeatable levels by time:
     D:1: 895 daAuts
     D:2: 89 daAuts
